 Dungeon Crawl Stone Soup version 0.29-a0-330-g52719c12eb (webtiles) character file.

Game seed: 17627139338665776752

6 kae the Firebug (level 1, -1/11 HPs)
             Began as a Tengu Fire Elementalist on Apr 14, 2022.
             Slain by a quokka (4 damage)
             ... on level 1 of the Dungeon.
             The game lasted 00:00:11 (550 turns).

kae the Firebug (Tengu Fire Elementalist)            Turns: 550, Time: 00:00:12

Health: -1/11      AC:  2    Str:  8    XL:     1   Next: 90%
Magic:  1/4        EV: 12    Int: 15    God:
Gold:   17         SH:  0    Dex: 14    Spells: 3/4 levels left

rFire   . . .      SeeInvis .   (no weapon)
rCold   . . .      Faith    .   (no shield)
rNeg    . . .      Spirit   .   a - +0 robe
rPois   .          Reflect  .   (helmet restricted)
rElec   .          Harm     .   (no cloak)
rCorr   .          Rampage  .   (no gloves)
Will    .....                   (boots unavailable)
Stlth   ++........              (no amulet)
HPRegen 0.03/turn               (no ring)
MPRegen 0.09/turn               (no ring)

@: no status effects
A: beak, talons 3
a: no special abilities


You were on level 1 of the Dungeon.
You visited 1 branch of the dungeon, and saw 1 of its levels.

You collected 17 gold pieces.

Inventory:

Armour
 a - a +0 robe (worn)
Scrolls
 c - a scroll of identify {unknown}
Potions
 b - 2 potions of magic


   Skills:
 + Level 0.3 Fighting
 - Level 2.1 Dodging
 - Level 2.0 Stealth
 + Level 2.1 Spellcasting
 + Level 1.6 Conjurations
 * Level 3.5 Fire Magic


You had 3 spell levels left.
You knew the following spells:

 Your Spells              Type           Power      Damage    Failure   Level
a - Foxfire               Conj/Fire      36%        2x1d5     8%          1

Your spell library contained the following spells:

 Spells                   Type           Power      Damage    Failure   Level
 Scorch                   Fire           24%        2d6       8%          2
 Conjure Flame            Conj/Fire      9%         6-21      22%         3
 Inner Flame              Hex/Fire       6%         N/A       32%         3
 Flame Wave               Conj/Fire      9%         2d5       58%         4


Dungeon Overview and Level Annotations

Branches:
Dungeon (1/15)

Altars:


Innate Abilities, Weirdness & Mutations

You have a beak for a mouth.
You have claws for feet.


Message History

The quokka is moderately wounded.
A quokka is nearby!
You closely miss the quokka. Your kick misses the quokka.
The quokka is moderately wounded.
The quokka closely misses you.
You hit the quokka but do no damage. Your kick misses the quokka.
The quokka is moderately wounded.
The quokka bites you. The quokka closely misses you.
A quokka is nearby!
You hit the quokka but do no damage. Your peck misses the quokka.
The quokka is moderately wounded.
The quokka barely misses you.
You closely miss the quokka. You claw the quokka.
The quokka is severely wounded.
The quokka closely misses you.
A quokka is nearby!
You hit the quokka but do no damage. Your kick misses the quokka.
The quokka is severely wounded.
The quokka bites you.
You are too injured to fight recklessly!
A quokka is nearby!
You are too injured to fight recklessly!
You are too injured to fight recklessly!
A quokka is nearby!
You are too injured to fight recklessly!
You are too injured to fight recklessly!
A quokka is nearby!
A quokka is nearby!
You are too injured to fight recklessly!
You are too injured to fight recklessly!
You are too injured to fight recklessly!
You are too injured to fight recklessly!
Casting: Foxfire (safe; 8% risk of failure)
Confirm with . or Enter, or press ? or * to list all spells.
You conjure some foxfire!
The quokka bites you.
* * * LOW HITPOINT WARNING * * *
The foxfire hits the quokka.
The quokka is almost dead.
The quokka barely misses you. The quokka bites you.
You die...

#.....#r#.####.....
#.....#.......... .
#.....###.######.
#...).# #...
#.....# #####
#.....######
#.....'....#
#..§§v####.#
####@## #§.r......
#..####... #...
#... #.... #...#
#...#


You could see a quokka (ally target).

Vanquished Creatures
  A ball python (D:1)
  An endoplasm (D:1)
  A giant cockroach (D:1)
  2 kobolds (D:1)
5 creatures vanquished.

Vanquished Creatures (others)
  12 foxfires (D:1)
12 creatures vanquished.

Grand Total: 17 creatures vanquished

Notes
Turn   | Place    | Note
-------+----------+-------------------------------------------
     0 | D:1      | kae the Tengu Fire Elementalist began the quest for the
                  | Orb.
     0 | D:1      | Reached XP level 1. HP: 10/10 MP: 4/4
   550 | D:1      | Slain by a quokka

Illustrated notes

Levels and vault maps discovered:
D:1:      tarquinn_simple_flora_water_f, layout_basic,
          hellmonk_ecumenical_altar_crossroads, nicolae_figureground_sparkle

Action                   || total
-------------------------++-------
Melee: Unarmed           ||     6
       Kick              ||     1
 Cast: Foxfire           ||    11
Armor: Robe              ||     2
Dodge: Dodged            ||     7

Table legend: (Time is in decaauts)
 A = Elapsed time spent in this place.
 B = Non-inter-level travel time spent in this place.
 C = Inter-level travel time spent in this place.
 D = Time resting spent in this place.
 E = Time spent auto-exploring this place.
 F = Levels seen in this place.
 G = Mean time per level.
                   A        B        C        D        E       F      G
               +--------+--------+--------+--------+--------+-----+--------+
         Total |    550 |    550 |      0 |    366 |    124 |   1 |  550.0 |
       Dungeon |    550 |    550 |      0 |    366 |    124 |   1 |  550.0 |
               +--------+--------+--------+--------+--------+-----+--------+

Top non-repeatable levels by time:
     D:1: 550 daAuts
